 Dungeon Crawl Stone Soup version 0.26-a0-255-gd5f3108e62 (webtiles) character file.

Game seed: 5465784046222664453

146105 drasked the Sensei (level 16, -12/158 HPs)
             Began as a Troll Monk on July 9, 2020.
             Was the Champion of Jiyva.
             Mangled by a nagaraja
             ... wielding a +0 spear
              (21 damage)
             ... on level 4 of the Snake Pit on July 10, 2020.
             The game lasted 02:17:52 (26910 turns).

drasked the Sensei (Troll Monk)                    Turns: 26910, Time: 02:17:53

Health: -12/158    AC: 14    Str: 16    XL:     16   Next: 59%
Magic:  24/24      EV: 19    Int: 10    God:    Jiyva [******]
Gold:   1374       SH: 20    Dex: 29    Spells: 15/15 levels left

rFire    + + +     SeeInvis +     - Unarmed
rCold    . . .     Faith    .   u - +3 kite shield
rNeg     . . .     Spirit   .   J - +4 troll leather armour {regenregen}
rPois    .         Reflect  +   j - +2 hat
rElec    .         Harm     .   (no cloak)
rCorr    +                      (gloves unavailable)
MR       .....                  (boots unavailable)
Stlth    ++........             R - amulet of Qazlal's Supremacy {Reflect MR- MP+9 Int+2 SH+5}
HPRegen  1.16/turn              F - ring "Qeupenou" {*Contam rF+++ rCorr Str+5}
MPRegen  0.19/turn              P - ring of poison resistance {rPois, !d}

@: poison vulnerable, very slightly contaminated, slowed, constricted,
invisible, very slow
A: large, unfitting armour, claws 3, hooves 1, horns 1, repulsion field 2, thin
metallic scales 1, see invisible, clever 1, fast metabolism 1, regeneration 1,
shaggy fur 1, tough skin 3, pseudopods 1, jelly sensing items
}: 1/15 runes: slimy
a: Request Jelly, Slimify, Cure Bad Mutation, Renounce Religion


You were on level 4 of the Snake Pit.
You worshipped Jiyva.
Jiyva was exalted by your worship.
You were completely stuffed.

You visited 6 branches of the dungeon, and saw 33 of its levels.
You also visited: Ossuary and Gauntlet.

You collected 1941 gold pieces.
You spent 567 gold pieces at shops.

Inventory:

Missiles
 m - 26 boomerangs
 K - 5 atropa-tipped darts
 M - 18 javelins (quivered)
 U - 11 curare-tipped darts
 W - 5 poisoned darts
 X - 20 large rocks {!d!d}
Armour
 j - a +2 hat (worn)
   (You bought it in a shop on level 2 of the Orcish Mines)
 u - a +3 kite shield (worn)
   (You found it on level 4 of the Dungeon)
 J - a +4 troll leather armour (worn) {regenregen}
   (You found it on level 10 of the Dungeon)
Jewellery
 a - a +4 ring of evasion
   (You found it on level 10 of the Dungeon)
 b - an uncursed ring of magical power {MP+9MP+9}
   (You took it off a naga warrior on level 1 of the Snake Pit)
 p - the ring "Unnef" {rN+ AC+4}
   (You found it on level 6 of the Lair of Beasts)

   [ring of protection]

   It affects your AC (+4).
   It protects you from negative energy.
 F - the ring "Qeupenou" (left claw) {*Contam rF+++ rCorr Str+5}
   (You took it off a minotaur in a Gauntlet)

   [ring of resist corrosion]

   It affects your strength (+5).
   It renders you almost immune to fire.
   It causes magical contamination when unequipped.
   It provides partial protection from all sources of acid and corrosion.
 I - an uncursed ring of protection from cold {rC+, !d}
   (You found it on level 2 of the Lair of Beasts)
 P - a ring of poison resistance (right claw) {rPois, !d}
   (You bought it in a shop on level 1 of the Snake Pit)
 R - the amulet of Qazlal's Supremacy (around neck) {Reflect MR- MP+9 Int+2 SH+5}
   (You found it in a Gauntlet)

   [amulet of reflection]

   It shields you and reflects attacks.
   It affects your intelligence (+2).
   It affects your resistance to hostile enchantments.
   It affects your magic capacity (+9).
   It affects your SH (+5).
 S - an uncursed ring of see invisible {sInv, !d}
   (You found it on level 15 of the Dungeon)
 Y - the ring "Kalurch" {rElec rC- MR+++ rCorr Int+6}
   (You took it off a centaur on level 10 of the Dungeon)

   [ring of resist corrosion]

   It affects your intelligence (+6).
   It makes you vulnerable to cold.
   It insulates you from electricity.
   It affects your resistance to hostile enchantments.
   It provides partial protection from all sources of acid and corrosion.
Wands
 o - a wand of iceblast (33)
   (You found it on level 7 of the Dungeon)
 E - a wand of disintegration (10)
   (You found it on level 1 of the Snake Pit)
 G - a wand of clouds (8)
   (You found it on level 8 of the Dungeon)
 V - a wand of acid (12)
   (You found it on level 5 of the Lair of Beasts)
Scrolls
 f - 2 scrolls of fog
 g - 3 scrolls of fear
 i - 7 scrolls of identify
 t - 3 scrolls of teleportation
 w - 13 scrolls of remove curse
 y - a scroll of magic mapping {!r!r}
 A - 8 scrolls of amnesia
 B - 4 scrolls of blinking {!r!r}
 D - 2 scrolls of immolation {!r!r}
 H - 4 scrolls of enchant weapon
 L - a scroll of holy word {!r!r}
 O - a scroll of vulnerability {!r!r!r!r}
Potions
 c - 6 potions of berserk rage {!q!q}
 d - 2 potions of might
 h - 3 potions of haste
 l - 3 potions of heal wounds
 n - 3 potions of resistance
 q - 9 potions of curing
 r - 2 potions of cancellation
 v - 5 potions of ambrosia
 x - 5 potions of brilliance
 z - 3 potions of lignification {!q!q}
 C - 3 potions of magic
 Q - a potion of stabbing
 T - 9 potions of flight
Miscellaneous
 s - a box of beasts
Comestibles
 e - 98 rations


   Skills:
 + Level 10.1 Fighting
 + Level 9.6 Dodging
 - Level 1.0 Stealth
 - Level 9.0 Shields
 * Level 21.9 Unarmed Combat


You had 15 spell levels left.
You didn't know any spells.
Your spell library contained the following spells:

 Spells                   Type           Power        Failure   Level
 Animate Skeleton         Necr           #.....       43%         1
 Apportation              Tloc           #.....       43%         1
 Corona                   Hex            #......      43%         1
 Magic Dart               Conj           #...         43%         1
 Summon Small Mammal      Summ           #...         43%         1
 Blink                    Tloc           N/A          56%         2
 Call Imp                 Summ           #.......     56%         2
 Corpse Rot               Necr/Air       N/A          56%         2
 Slow                     Hex            #.......     56%         2
 Sublimation of Blood     Necr           #.........   56%         2
 Conjure Flame            Conj/Fire      #.......     80%         3
 Dazzling Flash           Conj/Hex       #.....       80%         3
 Mephitic Cloud           Conj/Pois/Air  #.......     80%         3
 Cause Fear               Hex            #.........   99%         4
 Irradiate                Conj/Tmut      #.........   100%        5
 Silence                  Hex/Air        #.........   100%        5
 Yara's Violent Unravell  Hex/Tmut       #.........   100%        5
 Hydra Form               Tmut           #.........   100%        6
 Statue Form              Tmut/Erth      #........    100%        6
 Dragon Form              Tmut           #.........   100%        7
 Discord                  Hex            #.........   100%        8


Dungeon Overview and Level Annotations

Branches:
Dungeon (15/15)            Temple (1/1) D:4            Lair (6/6) D:10
 Shoals (0/4) Lair:4        Snake (4/4) Lair:3        Slime (5/5) Lair:6
    Orc (2/2) D:12            Elf (0/3) Orc:2        Vaults (0/5) D:13
 Depths (0/5) D:15        Ossuary (visited)         Gauntlet (visited)

Altars:
Ashenzari
Cheibriados
Dithmenos
Elyvilon
Fedhas
Gozag
Hepliaklqana
Kikubaaqudgha
Makhleb
Nemelex Xobeh
Okawaru
Qazlal
Ru
Sif Muna
Trog
Uskayaw
Vehumet
Wu Jian
Xom
Yredelemnul
Zin
The Shining One
Beogh
Jiyva

Shops:
D:7 !}}%   D:8 *   D:11 }   Orc:2 :[[*(=[   Snake:1 ==}   Snake:3 :

Portals:
Trove: D:12 (give 17 scrolls of teleportation)

Annotations:
D:7 exclusion: oklob plant
Lair:1 2 transporters
Lair:3 2 transporters, Tised's ghost, journeyman DsBr
Snake:4 2 exclusions
Slime:5 Royal Jelly


Innate Abilities, Weirdness & Mutations

You are too large for most types of armour.
You have claws for hands.
You have a fast metabolism.
Your natural rate of healing is unusually fast.
You are covered in fur. (AC +1)
You have extremely tough skin. (AC +3)
You have large cloven feet.
You have a pair of small horns on your head.
You are surrounded by a moderate repulsion field. (EV +3)
You are partially covered in thin metallic scales. (AC +2)
You have supernaturally acute eyesight. (SInv)
Your mind is acute. (Int +2)
Armour fits poorly on your pseudopods.
You have a small jelly attached to you that senses nearby items.


Message History

The anaconda constricts you.
You eviscerate the naga ritualist!!!
You kick the naga ritualist, but do no damage.
You headbutt the naga ritualist, but do no damage.
You hear a shout!
You hear an angry hiss.
You hear a shout!
You hear an angry hiss.
You hear a shout!
* * * LOW HITPOINT WARNING * * *
You are more poisoned.
The anaconda bites you.
* * * LOW HITPOINT WARNING * * *
The nagaraja mumbles some strange words.
The nagaraja seems to speed up.
An anaconda comes into view.
A naga mage comes into view. It is wielding a +0 spear.
You block the guardian serpent's attack.
You block the naga mage's attack.
The naga sharpshooter gestures wildly while chanting.
The naga sharpshooter magically shoots an arrow.
The arrow hits you but does no damage.
The guardian serpent casts a spell.
A guardian serpent comes into view.
The naga mage closely misses you. The anaconda bites you!
* * * LOW HITPOINT WARNING * * *
x2 The anaconda constricts you.
The naga ritualist mumbles some strange words.
The naga ritualist begins to radiate toxic energy.
* * * LOW HITPOINT WARNING * * *
You are more poisoned.
You feel much better.
Your surroundings suddenly seem different.
Something loses its grip on you.
You feel sick.
An anaconda comes into view.
The anaconda hisses angrily.
A naga comes into view. It is wielding a +0 flail.
The naga shouts!
A guardian serpent comes into view.
You hear a distant slurping noise.
You feel a little less hungry.
You feel better.
You feel a little less hungry.
You feel better.
You feel a little less hungry.
You feel better.
You feel a little less hungry.
You feel better.
A guardian serpent comes into view.
The guardian serpent coils itself and waves its upper body at you.
You feel yourself slow down.
A guardian serpent comes into view.
The guardian serpent casts a spell at you.
The bolt of poison hits you!
You are more poisoned.
* * * LOW HITPOINT WARNING * * *
A naga comes into view. It is wielding a +2 mace of holy wrath.
A nagaraja comes into view.
A naga mage comes into view. It is wielding a +0 whip.
The naga mage spits poison at you.
The splash of poison hits you but does no damage.
You are more poisoned.
The nagaraja mumbles some strange words.
The nagaraja seems to speed up.
A naga comes into view. It is wielding a +0 hand axe.
A naga comes into view. It is wielding a +0 scimitar.
The naga spits poison at you. The splash of poison misses you.
You fade into invisibility!
You feel very sick. You block the naga's attack. x2
The guardian serpent coils itself and performs some mystic snake dance.
The naga blinks into view!
The nagaraja blinks!
The naga blinks!
The guardian serpent blinks into view!
The naga mage blinks!
The nagaraja blinks!
You block the nagaraja's attack. The nagaraja grabs you.
* * * LOW HITPOINT WARNING * * *
The nagaraja constricts you.
The guardian serpent weaves intricate patterns with the tip of its tongue.
You hear a distant slurping noise.
You feel a little less hungry.
You feel better. You block the naga mage's attack.
The naga sharpshooter mumbles some strange words.
The naga sharpshooter magically shoots an arrow.
The arrow hits you!
* * * LOW HITPOINT WARNING * * *
The nagaraja spits poison at you. The splash of poison hits you.
You are lethally poisoned!
* * * LOW HITPOINT WARNING * * *
The nagaraja closely misses you.
* * * LOW HITPOINT WARNING * * *
The nagaraja constricts you. The naga barely misses you.
The naga closely misses you. The anaconda closely misses you.
You hear a shout!
You hear an angry hiss.
You are very lightly contaminated with residual magic.
You feel better.
You block the guardian serpent's attack.
The nagaraja spits poison at you.
The splash of poison reflects off an invisible shield around you!
The splash of poison hits the nagaraja but does no damage.
The anaconda closely misses you. You block the nagaraja's attack.
* * * LOW HITPOINT WARNING * * *
The nagaraja constricts you. The naga mage hits you with a +0 whip.
* * * LOW HITPOINT WARNING * * *
The guardian serpent closely misses you.
The nagaraja hits you with a +0 spear!!
You die...

***#SNSSN....,,,,,,*
*,,,,,,***
#NSSNS8...8.....#
*,,,,,,,*,
#N(SNN..N..N⌠...#
**,,,,,,,,,
#NSSN.8N..8.....#
*,*****,,,*
#.NNN.......§N..#
*** *****
#..NN.8.NN8.....#
#..S....N.S.SS..#
#.....8...8§NNNS#
##..N......SS@S#*
#...##...##NNN#
**,,,#*,*#...##
*,,,,**#....#
**,,,,.N...##
***,.φ..##* *#####*


You could see 4 nagarajas, a naga sharpshooter, 2 anacondas, 5 guardian
serpents, 3 naga magi and 6 nagas.

Levels and vault maps discovered:
D:1:      dpeg_arrival_arbitrary_b, layout_loops_corners
D:2:      layout_loops_ring, first_ration
D:3:      kennysheep_the_goblin_king, layout_rooms, lemuel_tele_altar,
          uniq_natasha
D:4:      layout_basic, tso_altar, minmay_temple_entry_glassed_door
D:5:      layout_cave_pools, kennysheep_big_empty_room, grunt_ministairs_9
D:6:      layout_loops_cross, enter_ossuary_1, supply_closet_lemuel,
          chequers_serial_rivers_micro_c, kennysheep_potato
D:7:      lemuel_slime, layout_rooms, serial_shops, shop_statue,
          kennysheep_little_box, shop, shop, uniq_pikel
D:8:      layout_rooms, serial_shops, shop, uniq_erica
D:9:      layout_rooms
D:10:     minmay_the_grid_triangle_9x9_rhombus_thin_mashed
          [minmay_the_grid_triangle_9x9_thin_v,
          minmay_the_grid_triangle_9x9_prize_special,
          minmay_the_grid_triangle_9x9_wacky_v,
          minmay_the_grid_triangle_9x9_pentomino_pain], layout_stronghold,
          minmay_lair_entry_grove, blue_anna_alchemist [blue_anna_fruit_fields,
          blue_anna_fruit_fields], eino_curves_03, uniq_joseph, uniq_josephine
D:11:     layout_loops_corners, serial_shops, shop, statue_in_the_mist_lemuel,
          uniq_sonja
D:12:     layout_cave_pools, orc_0_dummy, enter_trove_2, uniq_maurice
D:13:     layout_cave_pools, grunt_vaults_entry_fortified
D:14:     layout_loops_ring, gauntlet_entry_generic,
          nicolae_dithmenos_the_darkroom, minmay_stone_trees_small,
          kennysheep_donut
D:15:     hangedman_depths_entry_try_elsewhere_first, layout_basic,
          old_standard_altar, einodemon_barbed_minivault
Temple:   roderic_octagonal_lattice_temple
Lair:1:   gammafunk_cloud_chamber, layout_chaotic_city, ebering_ghost_xom,
          dpeg_stationary_puzzle
Lair:2:   layout_loops_ring, special_room [special_room_bee],
          chequers_serial_rivers_micro_d
Lair:3:   layout_regular_city, minmay_snake_entry_guardpost_small,
          portal_ice_cave_demonic_guard, gammafunk_ghost_wrathful_warriors,
          kennysheep_rathole, lemuel_fruit_fields, grunt_megastairs_1
Lair:4:   layout_cellular_growth, minmay_shoals_entry_beasts,
          lemuel_fruit_fields
Lair:5:   layout_long_grid, wad_woods_antlair, serial_bayou_shore_b
Lair:6:   guppyfry_lair_end_dragon, layout_layer_cave,
          hangedman_lair_caniforms_friends, dpeg_slime_entry_enclosed_altar,
          gammafunk_ghost_icy, infiniplex_staircase_pool, uniq_snorg
Snake:1:  layout_basic, serial_bayou_pond_b, minmay_shop_grove,
          serial_bayou_shore_b, grunt_megastairs_5
Snake:2:  layout_misc_corridors, drop_trap, grunt_ministairs_7
Snake:3:  layout_basic, serial_shops, shop_statue, grunt_megastairs_2
Snake:4:  grunt_snake_rune_serpentine_throne, layout_cave_town, serial_shops,
          nicolae_shop_stone, serial_bayou_pond_c
Slime:1:  layout_caves
Slime:2:  layout_caves
Slime:3:  layout_caves
Slime:4:  layout_caves
Slime:5
Orc:1:    layout_caves, mines1_david, uniq_fannar
Orc:2:    st_orc_congregation, layout_diamond_mine, serial_shops, shop, shop,
          shop, basic_altar

Notes
Turn   | Place    | Note
-------+----------+-------------------------------------------
     0 | D:1      | drasked the Troll Monk began the quest for the Orb.
     0 | D:1      | Reached XP level 1. HP: 22/22 MP: 0/0
    41 | D:1      | Identified a cursed -1 club
   248 | D:1      | Identified a +0 club
   278 | D:1      | Identified a +0 club
   301 | D:1      | Identified a +0 dagger
   314 | D:1      | Reached XP level 2. HP: 27/29 MP: 1/1
   488 | D:1      | Identified a +2 dagger of electrocution
   551 | D:1      | Identified a +0 club
   949 | D:2      | Identified a +0 club
   974 | D:2      | Reached skill level 4 in Unarmed Combat
  1025 | D:2      | Identified a +0 whip
  1140 | D:2      | Reached XP level 3. HP: 36/36 MP: 2/2
  1556 | D:3      | Identified a +0 club
  1599 | D:3      | Noticed Natasha
  1615 | D:3      | Killed Natasha
  1615 | D:3      | Reached skill level 5 in Unarmed Combat
  1615 | D:3      | Reached XP level 4. HP: 44/44 MP: 3/3
  1650 | D:3      | Identified a +0 whip
  1650 | D:3      | Identified a +0 club
  1650 | D:3      | Identified a +0 dagger
  1650 | D:3      | Identified a +0 robe
  1652 | D:3      | Identified a +0 hand axe
  1653 | D:3      | Identified a +0 club
  1654 | D:3      | Identified a +0 dagger
  1654 | D:3      | Identified a +0 robe
  1654 | D:3      | Identified a +0 dagger
  1655 | D:3      | Identified a cursed +0 dagger
  1672 | D:3      | Reached XP level 5. HP: 22/52 MP: 4/4
  1673 | D:3      | Found a hazy altar of Hepliaklqana.
  1674 | D:3      | HP: 8/52 [orc wizard/magic dart (10)]
  1675 | D:3      | Reached skill level 3 in Fighting
  1685 | D:3      | HP: 11/53 [kobold/stone (1)]
  1764 | D:3      | Identified a +0 short sword
  1809 | D:3      | Identified a +0 club
  1834 | D:3      | Identified a +0 club
  1834 | D:3      | Identified a +0 dagger
  1834 | D:3      | Identified a cursed -1 club
  1853 | D:3      | Identified a +0 club
  1868 | D:3      | Identified a +0 club
  1876 | D:3      | Identified a +0 quarterstaff
  1986 | D:3      | Noticed Natasha
  1998 | D:3      | Killed Natasha
  2276 | D:3      | Identified a ring of teleportation (You found it on level 1
                  | of the Dungeon)
  2277 | D:3      | Identified a ring of fire (You found it on level 2 of the
                  | Dungeon)
  2279 | D:3      | Identified 2 scrolls of remove curse
  2282 | D:3      | Identified 2 scrolls of fog
  2283 | D:3      | Identified 3 scrolls of identify
  2283 | D:3      | Identified 3 potions of curing
  2347 | D:4      | Reached skill level 6 in Unarmed Combat
  2431 | D:4      | Identified a +0 hand axe
  2431 | D:4      | Identified a +0 leather armour
  2431 | D:4      | Identified a +0 club
  2432 | D:4      | Identified a +0 chain mail
  2460 | D:4      | Identified a +0 mace
  2460 | D:4      | Identified a +0 chain mail
  2471 | D:4      | Reached XP level 6. HP: 59/61 MP: 5/5
  2486 | D:4      | Identified a +0 mace
  2564 | D:4      | Identified a +0 giant club
  2609 | D:4      | Found a staircase to the Ecumenical Temple.
  2627 | Temple   | Entered the Ecumenical Temple
  2903 | D:4      | Identified a +0 giant club
  2984 | D:4      | Found a glowing golden altar of the Shining One.
  3197 | D:5      | Entered Level 5 of the Dungeon
  3213 | D:5      | Identified a +0 dagger
  3213 | D:5      | Identified a +0 chain mail
  3213 | D:5      | Identified a +0 dagger
  3213 | D:5      | Identified a +0 robe
  3219 | D:5      | Identified a +0 flail
  3226 | D:5      | Reached skill level 7 in Unarmed Combat
  3226 | D:5      | Identified a +0 flail
  3226 | D:5      | Identified a +0 scale mail
  3229 | D:5      | Identified a +0 club
  3229 | D:5      | Identified a +0 ring mail
  3236 | D:5      | Reached XP level 7. HP: 68/68 MP: 6/6
  3260 | D:5      | Identified a +0 spear
  3271 | D:5      | Identified a +0 flail
  3381 | D:5      | Identified a +0 halberd
  3386 | D:5      | Identified a +0 leather armour
  3387 | D:5      | Identified a cursed +0 leather armour
  3389 | D:5      | Identified a +0 leather armour
  3389 | D:5      | Identified a +0 short sword
  3404 | D:5      | Reached skill level 1 in Shields
  3598 | D:5      | Identified a +0 giant club
  3735 | D:5      | Reached skill level 2 in Shields
  3735 | D:5      | Reached skill level 8 in Unarmed Combat
  3808 | D:5      | Identified a +0 shortbow
  3963 | D:5      | Identified a ring of evasion (You found it on level 4 of
                  | the Dungeon)
  3979 | D:6      | Identified a +0 shortbow
  3987 | D:6      | Reached XP level 8. HP: 71/78 MP: 7/7
  3988 | D:6      | Identified a scroll of amnesia
  3989 | D:6      | Identified 3 scrolls of teleportation
  4007 | D:6      | Identified 3 scrolls of enchant armour
  4008 | D:6      | Identified a scroll of enchant weapon
  4141 | D:6      | Identified a +0 giant spiked club
  4218 | D:6      | Identified a +0 dagger
  4218 | D:6      | Identified a +0 robe
  4219 | D:6      | Identified a +0 falchion
  4272 | D:6      | Reached skill level 3 in Shields
  4272 | D:6      | Reached skill level 9 in Unarmed Combat
  4329 | D:6      | Found a sand-covered staircase.
  4336 | Ossuary  | Entered an ossuary
  4523 | Ossuary  | Reached skill level 4 in Shields
  4523 | Ossuary  | Reached skill level 10 in Unarmed Combat
  4837 | D:6      | Reached XP level 9. HP: 84/84 MP: 8/8
  4854 | D:6      | Identified a +0 shortbow
  5099 | D:6      | Identified an uncursed amulet of faith (You found it in an
                  | ossuary)
  5099 | D:6      | Identified a ring of stealth (You found it on level 6 of
                  | the Dungeon)
  5101 | D:6      | Identified a ring of attention (You found it in an ossuary)
  5108 | D:6      | Identified 3 potions of ambrosia
  5109 | D:6      | Identified 3 potions of degeneration
  5110 | D:6      | Identified 3 potions of berserk rage
  5111 | D:6      | Identified 2 potions of flight
  5112 | D:6      | Identified 2 potions of cancellation
  5116 | D:7      | Identified 3 scrolls of random uselessness
  5117 | D:7      | Identified 2 scrolls of magic mapping
  5196 | D:7      | Noticed an oklob plant
  5458 | D:7      | Identified a cursed +0 shortbow
  5488 | D:7      | Found Xaleg's Food Emporium.
  5495 | D:7      | Identified a +0 whip
  5496 | D:7      | Identified a +0 club
  5514 | D:7      | Found Ucuor's Gadget Boutique.
  5537 | D:7      | Found Myx Iqot's Gadget Shoppe.
  5543 | D:7      | Found Gaorgh's Distillery.
  5621 | D:7      | Identified a +0 chain mail
  5622 | D:7      | Identified a +2 whip of electrocution
  5622 | D:7      | Identified a +0 robe
  5622 | D:7      | Noticed Pikel
  5622 | D:7      | Identified a +0 dagger
  5622 | D:7      | Identified a +0 dagger
  5681 | D:7      | Killed Pikel
  5681 | D:7      | Reached skill level 5 in Shields
  5681 | D:7      | Reached skill level 11 in Unarmed Combat
  5831 | D:7      | Identified 2 potions of heal wounds
  5832 | D:7      | Identified 2 potions of resistance
  5847 | D:8      | Identified a +0 giant club
  5847 | D:8      | Identified a +0 giant club
  5847 | D:8      | Noticed a two-headed ogre
  5847 | D:8      | Identified a +0 hand axe
  5847 | D:8      | Identified a +0 whip
  5847 | D:8      | Identified a +0 short sword
  5847 | D:8      | Identified a +0 hand axe
  5849 | D:8      | Identified a +0 giant spiked club
  5849 | D:8      | Identified a +0 giant club
  5849 | D:8      | Noticed a two-headed ogre
  5895 | D:7      | Killed a two-headed ogre
  5952 | D:8      | Identified a +0 vorpal falchion
  5952 | D:8      | Identified a +0 leather armour
  5954 | D:8      | Identified a +0 dagger
  5954 | D:8      | Identified a +0 robe
  5957 | D:8      | Identified a +0 dagger
  5957 | D:8      | Identified a +0 robe
  5959 | D:8      | Identified a +0 dagger
  5959 | D:8      | Identified a +0 robe
  5961 | D:8      | Identified a cursed -1 club
  5961 | D:8      | Identified a +0 ring mail
  5964 | D:8      | Reached skill level 12 in Unarmed Combat
  6069 | D:7      | Killed a two-headed ogre
  6069 | D:7      | Reached skill level 6 in Shields
  6069 | D:7      | Reached XP level 10. HP: 89/92 MP: 9/9
  6156 | D:8      | Identified a +0 dagger
  6156 | D:8      | Identified a +0 ring mail
  6163 | D:8      | Identified a +0 trident
  6163 | D:8      | Identified a +0 chain mail
  6165 | D:8      | Identified a +0 dagger
  6165 | D:8      | Identified a +0 robe
  6166 | D:8      | Identified a +0 mace
  6166 | D:8      | Identified a +0 scale mail
  6170 | D:8      | Identified a +0 dagger
  6170 | D:8      | Identified a +0 robe
  6171 | D:8      | Identified a +2 scimitar of flaming
  6171 | D:8      | Identified a +0 robe
  6171 | D:8      | Noticed Erica
  6297 | D:8      | Killed Erica
  6442 | D:8      | Identified a +0 war axe
  6442 | D:8      | Identified a +1 plate armour of positive energy
  6447 | D:8      | Identified a +0 club
  6448 | D:8      | Identified a +0 ring mail
  6456 | D:8      | HP: 20/92 [orc priest/divine providence (12)]
  6457 | D:8      | Identified a +0 dagger
  6469 | D:8      | HP: 11/92 [orc priest/divine providence (16)]
  6661 | D:8      | Found Ititz's General Store.
  6664 | D:8      | Identified a +0 spear
  6664 | D:8      | Identified a +0 flail
  6664 | D:8      | Identified a +0 halberd
  6666 | D:8      | Bought a scroll of magic mapping for 49 gold pieces
  6689 | D:8      | Identified a +0 shortbow
  6692 | D:8      | Reached skill level 13 in Unarmed Combat
  6878 | D:8      | Identified a +2 dagger of venom
  6878 | D:8      | Identified a +0 leather armour
  6878 | D:8      | Identified a +0 war axe
  6878 | D:8      | Identified a +0 club
  7042 | D:9      | Identified a ring of intelligence (You found it on level 9
                  | of the Dungeon)
  7093 | D:9      | Identified an amulet of the acrobat (You found it on level
                  | 9 of the Dungeon)
  7171 | D:9      | Identified a +0 club
  7171 | D:9      | Identified a +1 mace of holy wrath
  7171 | D:9      | Identified a +2 dagger of draining
  7171 | D:9      | Identified a +0 robe
  7261 | D:9      | Identified a +0 shortbow
  7263 | D:9      | Identified a +0 whip
  7265 | D:9      | Identified a +0 whip
  7417 | D:9      | Reached skill level 7 in Shields
  7518 | D:10     | Entered Level 10 of the Dungeon
  7801 | D:10     | timbw: im watching twice
  7832 | D:10     | timbw: be very careful how you step
  7844 | D:10     | Reached XP level 11. HP: 91/98 MP: 10/10
  7993 | D:10     | Reached skill level 14 in Unarmed Combat
  8022 | D:10     | Identified a +1 dagger of venom
  8022 | D:10     | Identified a +0 robe
  8022 | D:10     | Noticed Josephine
  8050 | D:10     | timbw: no, achtually my internet died and im leaving, I
                  | might leave a timbw spectator behind, but thats just a
                  | token of my apprecication
  8054 | D:10     | Killed Josephine
  8055 | D:10     | timbw: im not actually watching
  8064 | D:10     | HP: 18/98 [wraith[Josephine] (12)]
  8069 | D:10     | HP: 19/98 [poisoned by Josephine]
  8075 | D:10     | HP: 22/98 [poisoned by Josephine]
  8211 | D:10     | Identified a +0 troll leather armour
  8244 | D:10     | Identified a +0 robe
  8327 | D:10     | Identified a +1 battleaxe
  8327 | D:10     | Identified a +0 chain mail
  8327 | D:10     | Noticed a death knight
  8332 | D:10     | Identified a +2 vampiric spear
  8332 | D:10     | Identified a +0 scale mail
  8434 | D:10     | Found a staircase to the Lair.
  8465 | D:10     | Identified a +0 giant spiked club
  8465 | D:10     | Identified a +0 giant club
  8465 | D:10     | Noticed a two-headed ogre
  8471 | D:10     | Killed a two-headed ogre
  8471 | D:10     | Reached skill level 8 in Shields
  8485 | Lair:1   | Entered Level 1 of the Lair of Beasts
  8716 | Lair:3   | Found a transporter.
  8716 | Lair:3   | Identified a +0 short sword
  8716 | Lair:3   | Identified a +0 robe
  8716 | Lair:3   | Identified a +0 buckler
  8724 | Lair:3   | Identified the +6 spear of Moderation {venom, Str+4}
  8724 | Lair:3   | Identified a +2 robe
  8724 | Lair:3   | Identified a +0 buckler
  8724 | Lair:3   | Noticed a spriggan rider
  8834 | Lair:3   | Reached skill level 15 in Unarmed Combat
  8890 | Lair:3   | Found a transporter.
  8894 | Lair:3   | Identified the +6 demon trident "Cylehaxe" {antimagic, MR+}
  8894 | Lair:3   | Identified a +2 robe
  8894 | Lair:3   | Noticed a spriggan rider
  8895 | Lair:3   | Identified a +0 rapier
  8895 | Lair:3   | Identified a +0 robe
  8899 | Lair:3   | Found a bloodstained altar of Trog.
  8906 | Lair:3   | Identified a +0 rapier
  8906 | Lair:3   | Identified a +0 robe
  8906 | Lair:3   | Identified a +0 buckler
  8908 | Lair:3   | Noticed Tised's ghost (journeyman DsBr)
  9163 | Lair:6   | Entered Level 6 of the Lair of Beasts
  9176 | Lair:6   | Found a runed translucent gate.
  9176 | Lair:6   | Found a runed translucent gate.
  9176 | Lair:6   | Found a runed translucent gate.
  9204 | Lair:6   | Found a viscous altar of Jiyva.
  9205 | Lair:6   | Found a staircase to the Slime Pits.
  9210 | Lair:6   | Became a worshipper of Jiyva Jupnogap the Shapeless
  9210 | Lair:6   | Reached * piety under Jiyva
  9210 | Lair:6   | Reached ** piety under Jiyva
  9313 | Lair:3   | Found a frozen archway.
  9321 | Lair:3   | HP: 22/98 [ice devil (17)]
  9381 | Lair:3   | Identified a +1 kite shield (You found it on level 4 of the
                  | Dungeon)
  9392 | Lair:3   | Reached *** piety under Jiyva
  9590 | Lair:1   | Reached XP level 12. HP: 107/107 MP: 11/11
  9594 | Lair:1   | Reached skill level 9 in Shields
  9801 | Lair:1   | Found a transporter.
  9874 | Lair:1   | Found a transporter.
  9969 | Lair:1   | Found a runed translucent door.
  9977 | Lair:1   | Found a shimmering altar of Xom.
  9977 | Lair:1   | Noticed suvakkihuora's ghost (novice BaBr)
  9977 | Lair:1   | Identified a +1 quarterstaff of chaos
 10027 | Lair:1   | Reached skill level 16 in Unarmed Combat
 10045 | Lair:1   | Killed suvakkihuora's ghost
 10094 | Lair:1   | Reached **** piety under Jiyva
 10164 | Lair:1   | Gained mutation: Your body has grown golden eyes which may
                  | confuse attackers. (Acc +3) [Jiyva's grace]
 10635 | Lair:2   | Reached ***** piety under Jiyva
 10714 | Lair:2   | Gained mutation: Your translucent skin slightly reduces
                  | your foes' accuracy. (Stealth) [Jiyva's grace]
 11306 | Lair:3   | You fall into a shaft and drop 3 floors!
 11318 | Lair:6   | Reached skill level 17 in Unarmed Combat
 11578 | Lair:3   | Identified a cursed -2 short sword
 11579 | Lair:3   | Identified a +0 scimitar
 11588 | Lair:3   | Found a staircase to the Snake Pit.
 11588 | Lair:3   | Identified a +0 vorpal long sword
 11588 | Lair:3   | Identified a +0 robe
 11592 | Lair:3   | Identified a cursed -2 dire flail
 11626 | Lair:3   | Gained mutation: Your translucent skin reduces your foes'
                  | accuracy. (Stealth) [Jiyva's grace]
 11962 | Lair:3   | Got a crystal short sword
 12262 | Lair:4   | Found a staircase to the Shoals.
 12424 | Lair:4   | Gained mutation: You are covered in slimy tendrils that may
                  | disarm your opponents. [Jiyva's grace]
 12661 | Lair:4   | Reached skill level 18 in Unarmed Combat
 12686 | Lair:4   | Reached XP level 13. HP: 110/114 MP: 12/12
 12865 | Lair:4   | You fall into a shaft and drop 2 floors!
 13153 | Lair:5   | Reached skill level 4 in Fighting
 13373 | Lair:5   | Reached skill level 3 in Dodging
 13722 | Lair:5   | Reached ****** piety under Jiyva
 13723 | Lair:5   | Identified an amulet of inaccuracy (You found it on level 2
                  | of the Lair of Beasts)
 13726 | Lair:5   | Identified 4 potions of brilliance
 13727 | Lair:5   | Identified 3 potions of magic
 13729 | Lair:5   | Identified a ring of protection from cold (You found it on
                  | level 2 of the Lair of Beasts)
 13732 | Lair:5   | Identified 2 scrolls of vulnerability
 13733 | Lair:5   | Identified 2 scrolls of blinking
 13988 | Lair:5   | Noticed an entropy weaver
 14102 | Lair:4   | Lost mutation: Your translucent skin reduces your foes'
                  | accuracy. (Stealth) [Jiyva's grace]
 14337 | Lair:5   | Killed an entropy weaver
 14419 | Lair:5   | Identified a +0 robe
 14419 | Lair:5   | Noticed an entropy weaver
 14425 | Lair:5   | Slimified an entropy weaver
 14425 | Lair:5   | an entropy weaver changed into a slime creature
 14604 | Lair:6   | Noticed an azure jelly
 14604 | Lair:6   | a four-headed hydra changed into an azure jelly
 14636 | Lair:6   | Gained mutation: You are somewhat resistant to further
                  | mutation. [Jiyva's grace]
 14830 | Lair:6   | Reached skill level 5 in Fighting
 14839 | Lair:6   | Reached skill level 4 in Dodging
 15013 | Lair:6   | Gained mutation: Your body has grown many golden eyes which
                  | may confuse attackers. (Acc +5) [Jiyva's grace]
 15043 | Lair:6   | Lost mutation: Your translucent skin slightly reduces your
                  | foes' accuracy. (Stealth) [Jiyva's grace]
 15198 | Lair:6   | HP: 19/119 [hell hound/blast of flame (15)]
 15408 | Lair:6   | Lost mutation: You are somewhat resistant to further
                  | mutation. [Jiyva's grace]
 15603 | Lair:6   | Noticed an azure jelly
 15603 | Lair:6   | a six-headed hydra changed into an azure jelly
 15771 | Lair:6   | Reached skill level 19 in Unarmed Combat
 15919 | Lair:6   | Killed Snorg
 15919 | Lair:6   | Identified a +1 troll leather armour {Snorg}
 15921 | Lair:6   | Gained mutation: You have sharp toenails. [Jiyva's grace]
 15992 | Lair:6   | Reached skill level 5 in Dodging
 16017 | Lair:6   | Noticed a fire dragon
 16023 | Lair:6   | HP: 18/120 [fire dragon/blast of flame (45)]
 16028 | Lair:6   | HP: 12/120 [fire dragon/blast of flame (14)]
 16031 | Lair:6   | Killed a fire dragon
 16249 | Lair:6   | Noticed Esekla's ghost (journeyman FoNe)
 16561 | Lair:6   | Noticed a death ooze
 16561 | Lair:6   | a dream sheep simulacrum changed into a death ooze
 16580 | Lair:6   | Killed Esekla's ghost
 16580 | Lair:6   | Reached skill level 6 in Fighting
 16581 | Lair:6   | Gained mutation: Your mind is acute. (Int +2) [Jiyva's
                  | grace]
 16598 | Lair:6   | Reached XP level 14. HP: 116/130 MP: 13/13
 16620 | Lair:6   | Got a warped pewter ring
 16624 | Lair:6   | Identified the ring "Unnef" {rN+ AC+4} (You found it on
                  | level 6 of the Lair of Beasts)
 16662 | Slime:1  | Entered Level 1 of the Pits of Slime
 16662 | Slime:1  | Noticed an azure jelly
 16671 | Slime:2  | Noticed an acid blob
 16677 | Slime:3  | Noticed an acid blob
 16680 | Slime:4  | Noticed an acid blob
 16690 | Slime:5  | Entered Level 5 of the Pits of Slime
 16694 | Slime:5  | Lost mutation: Your mind is acute. (Int +2) [Jiyva's grace]
 16695 | Slime:5  | Lost mutation: You have sharp toenails. [Jiyva's grace]
 16698 | Slime:5  | Noticed an azure jelly
 16699 | Slime:5  | Gained mutation: You have a small jelly attached to you
                  | that may absorb incoming projectiles. [Jiyva's grace]
 16702 | Slime:5  | Gained mutation: You have large cloven feet. [Jiyva's
                  | grace]
 16708 | Slime:5  | Noticed an acid blob
 16709 | Slime:5  | Found a viscous altar of Jiyva.
 16709 | Slime:5  | Gained mutation: You are robust. (+10% HP) [Jiyva's grace]
 16710 | Slime:5  | Noticed an acid blob
 16711 | Slime:5  | Noticed an acid blob
 16711 | Slime:5  | Noticed an acid blob
 16712 | Slime:5  | Noticed an acid blob
 16713 | Slime:5  | Found the +8 mithril axe "Arga" {speed, MR+}
 16713 | Slime:5  | Noticed an acid blob
 16713 | Slime:5  | Noticed an acid blob
 16714 | Slime:5  | Noticed the Royal Jelly
 16721 | Slime:5  | Got a slimy rune of Zot
 16796 | Slime:5  | Noticed an acid blob
 16796 | Slime:5  | Noticed an azure jelly
 16801 | Slime:5  | Noticed an acid blob
 16926 | Slime:1  | Noticed an acid blob
 16939 | Lair:6   | Lost mutation: You have large cloven feet. [Jiyva's grace]
 17171 | D:10     | Identified a +0 short sword
 17172 | D:10     | Identified a +0 whip
 17173 | D:10     | Identified a +0 dagger of holy wrath
 17176 | D:10     | Identified a +0 quarterstaff
 17176 | D:10     | Identified a +5 hunting sling
 17176 | D:10     | Identified a +0 leather armour
 17176 | D:10     | Noticed Joseph
 17190 | D:10     | Killed Joseph
 17238 | D:10     | Gained mutation: You are surrounded by a mild repulsion
                  | field. (EV +2) [Jiyva's grace]
 17271 | D:10     | Identified the ring "Tos Ced" {Ice Int+3}
 17326 | D:10     | Gained mutation: You have a pair of small horns on your
                  | head. [Jiyva's grace]
 17367 | D:10     | Identified a +0 short sword
 17489 | D:10     | Lost mutation: You are robust. (+10% HP) [Jiyva's grace]
 17512 | D:10     | Identified a +0 shortbow
 17512 | D:10     | Identified the ring "Kalurch" {rElec rC- MR+++ rCorr Int+6}
 17513 | D:10     | Identified a +0 dagger
 17513 | D:10     | Identified a +0 robe
 17513 | D:10     | Identified the ring of Jeylavip {+Fly rN+}
 17556 | D:10     | Identified a scroll of fear
 17557 | D:10     | Identified a scroll of silence
 17558 | D:10     | Got a glittering zirconium amulet
 17778 | D:10     | Identified the amulet of Qitonkaome {Faith +Blink} (You
                  | found it on level 10 of the Dungeon)
 17822 | D:10     | Identified 2 potions of might
 17823 | D:10     | Identified 2 potions of invisibility
 17861 | D:10     | Identified 2 potions of haste
 17862 | D:10     | Identified 3 potions of lignification
 17914 | D:10     | Lost mutation: You have a pair of small horns on your head.
                  | [Jiyva's grace]
 18081 | D:11     | Found Siamm's Gadget Shoppe.
 18090 | D:11     | Identified a +0 flail
 18090 | D:11     | Identified a +0 leather armour
 18090 | D:11     | Identified a +0 club
 18090 | D:11     | Identified a +0 trident
 18090 | D:11     | Identified a +0 short sword
 18291 | D:11     | Identified a +0 giant club
 18336 | D:11     | Identified a +2 flail of holy wrath
 18336 | D:11     | Identified a +0 chain mail
 18337 | D:11     | Identified a +4 whip
 18338 | D:11     | Identified a cursed -3 hand axe
 18420 | D:11     | Identified a +0 short sword of venom
 18420 | D:11     | Noticed Sonja
 18482 | D:11     | Identified a +0 battleaxe
 18482 | D:11     | Identified a +0 chain mail
 18528 | D:11     | Gained mutation: You have a beak for a mouth. [Jiyva's
                  | grace]
 18835 | D:11     | Killed Sonja
 18937 | D:12     | Identified a +0 shortbow
 18950 | D:12     | Gained mutation: You are dopey. (Int -2) [Jiyva's grace]
 18951 | D:12     | Identified a +0 club
 18951 | D:12     | Identified a +0 ring mail
 18954 | D:12     | Identified a +0 hand axe
 18954 | D:12     | Identified a +0 leather armour
 18957 | D:12     | Identified a cursed -1 dagger
 18957 | D:12     | Identified a +0 robe
 18958 | D:12     | Identified a +0 whip
 18963 | D:12     | Identified a +0 glaive
 18963 | D:12     | Identified a +0 plate armour
 18976 | D:12     | Identified a +0 flail
 18976 | D:12     | Identified a +1 leather armour of fire resistance
 18978 | D:12     | Identified a cursed -3 shortbow
 18981 | D:12     | Identified a +0 hand axe
 18981 | D:12     | Identified a +0 leather armour
 18985 | D:12     | Identified a +5 dagger of freezing
 18985 | D:12     | Identified a +0 cloak
 18985 | D:12     | Noticed Maurice
 18987 | D:12     | Found a portal to a secret trove of treasure.
 18987 | D:12     | Identified a +0 whip
 18987 | D:12     | Identified a +0 glaive
 18987 | D:12     | Identified a +0 plate armour
 18987 | D:12     | Identified a +0 whip
 19004 | D:12     | Killed Maurice
 19006 | D:12     | Lost mutation: Your body has grown many golden eyes which
                  | may confuse attackers. (Acc +5) [Jiyva's grace]
 19008 | D:12     | Identified a +0 broad axe
 19008 | D:12     | Identified a +0 plate armour
 19015 | D:12     | Identified a cursed -2 giant club
 19015 | D:12     | Identified a +0 giant spiked club
 19035 | D:12     | Lost mutation: You have a small jelly attached to you that
                  | may absorb incoming projectiles. [Jiyva's grace]
 19041 | D:12     | Identified a +4 flail
 19042 | D:12     | Identified a +0 scimitar
 19042 | D:12     | Identified a cursed +0 chain mail
 19042 | D:12     | Identified a +0 club
 19042 | D:12     | Identified a +2 morningstar of protection
 19044 | D:12     | Identified a +0 short sword
 19046 | D:12     | Identified a +0 dagger
 19046 | D:12     | Identified a +0 dagger
 19049 | D:12     | Identified a +0 club
 19050 | D:12     | Identified a +0 dagger
 19073 | D:12     | Gained mutation: You possess an exceptional clarity of
                  | mind. [Jiyva's grace]
 19109 | D:12     | Found a staircase to the Orcish Mines.
 19116 | D:12     | Identified a +0 giant spiked club
 19116 | D:12     | Identified a +0 giant club
 19122 | D:12     | Lost mutation: You possess an exceptional clarity of mind.
                  | [Jiyva's grace]
 19161 | D:12     | Identified a +0 giant club
 19201 | D:12     | Identified a +0 whip
 19206 | D:12     | Reached skill level 6 in Dodging
 19206 | D:12     | Paralysed by a hornet for 3 turns
 19246 | D:12     | Lost mutation: You are dopey. (Int -2) [Jiyva's grace]
 19440 | D:13     | Identified a +0 shortbow
 19445 | D:13     | Identified a +0 giant club
 19451 | D:13     | Identified a +0 giant spiked club
 19451 | D:13     | Identified a +0 giant club
 19554 | D:13     | Identified a +0 hand axe
 19554 | D:13     | Identified a +0 chain mail
 19575 | D:13     | Identified a +0 great sword
 19575 | D:13     | Identified a +0 chain mail
 19575 | D:13     | Identified a +0 short sword
 19575 | D:13     | Identified a +0 arbalest
 19575 | D:13     | Identified a +0 scale mail
 19595 | D:13     | Identified a +2 scimitar of flaming
 19606 | D:13     | Gained mutation: You are partially covered in molten
                  | scales. (AC +2) [Jiyva's grace]
 19745 | D:13     | Identified a +0 dagger
 19745 | D:13     | Identified a +0 robe
 19745 | D:13     | Identified a +0 short sword
 19745 | D:13     | Identified a +0 longbow
 19745 | D:13     | Identified a +0 leather armour
 19745 | D:13     | Identified a cursed -2 dagger
 19745 | D:13     | Identified a +0 robe
 19749 | D:13     | Identified a +0 arbalest
 19751 | D:13     | Reached skill level 7 in Fighting
 19764 | D:13     | Identified a cursed -2 battleaxe
 19764 | D:13     | Identified a +0 chain mail
 19772 | D:13     | Identified a +2 antimagic war axe
 19772 | D:13     | Identified a +0 chain mail
 19796 | D:13     | Lost mutation: You have a beak for a mouth. [Jiyva's grace]
 19830 | D:13     | Found a gate to the Vaults.
 19830 | D:13     | Identified a +3 war axe of flaming
 19830 | D:13     | Identified a +0 plate armour
 19831 | D:13     | Identified a +0 long sword
 19831 | D:13     | Identified a +0 chain mail
 19831 | D:13     | Identified a +0 kite shield
 19842 | D:13     | Gained mutation: Your rubbery body absorbs attacks. (AC +1,
                  | EV +1) [Jiyva's grace]
 19860 | D:13     | Identified a ring of wizardry (You found it on level 13 of
                  | the Dungeon)
 20023 | D:14     | Gained mutation: Armour fits poorly on your pseudopods.
                  | [Jiyva's grace]
 20071 | D:14     | Found a gate leading to a gauntlet.
 20123 | D:14     | You fall into a shaft and drop 1 floor!
 20123 | D:15     | Entered Level 15 of the Dungeon
 20123 | D:15     | Found a staircase to the Depths.
 20152 | D:15     | Identified a +0 scimitar
 20152 | D:15     | Identified a cursed +0 plate armour
 20152 | D:15     | Identified a +0 hand axe
 20152 | D:15     | Identified a +0 plate armour
 20152 | D:15     | Identified a +4 scimitar of flaming
 20152 | D:15     | Identified a +0 great sword
 20152 | D:15     | Identified a +0 chain mail
 20163 | D:15     | Identified a +0 scimitar of flaming
 20195 | D:15     | Identified a +0 shortbow
 20209 | D:15     | Reached skill level 20 in Unarmed Combat
 20241 | D:15     | Identified a +0 buckler
 20308 | D:14     | Identified a +0 long sword
 20308 | D:14     | Identified a +0 plate armour
 20347 | Gauntlet | Entered a Gauntlet
 20347 | Gauntlet | Found a transporter.
 20350 | Gauntlet | Found a transporter.
 20352 | Gauntlet | Found a transporter.
 20368 | Gauntlet | Found a transporter.
 20371 | Gauntlet | Found a transporter.
 20378 | Gauntlet | Found a transporter.
 20390 | Gauntlet | Found a runed translucent door.
 20394 | Gauntlet | Found a transporter.
 20398 | Gauntlet | Noticed an entropy weaver
 20403 | Gauntlet | Found a transporter.
 20413 | Gauntlet | Found a transporter.
 20421 | Gauntlet | Found a transporter.
 20421 | Gauntlet | Found a transporter.
 20423 | Gauntlet | Found a transporter.
 20453 | Gauntlet | Found a transporter.
 20575 | Gauntlet | Reached skill level 7 in Dodging
 20588 | Gauntlet | Got a pitted lead amulet
 20589 | Gauntlet | Identified the amulet of Qazlal's Supremacy {Reflect MR-
                  | MP+9 Int+2 SH+5} (You found it in a Gauntlet)
 20594 | Gauntlet | Identified a ring of see invisible (You found it on level
                  | 15 of the Dungeon)
 20696 | Gauntlet | Identified a +1 antimagic demon trident
 20696 | Gauntlet | Identified a +3 plate armour of fire resistance
 20696 | Gauntlet | Identified the ring "Qeupenou" {*Contam rF+++ rCorr Str+5}
 20734 | Gauntlet | drasked: ?? *contam
 20734 | Gauntlet | beem: *contam[1/1]: An artefact property which contaminates
                  | you when you unequip the item in question.
 20734 | Gauntlet | meem: *contam[1/1]: An artefact property which contaminates
                  | you when you unequip the item in question.
 20740 | Gauntlet | Identified the Disquisition on Dark Enchantment
 20748 | Gauntlet | Gained mutation: You are resistant to hostile enchantments.
                  | (MR+) [Jiyva's grace]
 21020 | D:14     | Lost mutation: You are surrounded by a mild repulsion
                  | field. (EV +2) [Jiyva's grace]
 21054 | D:14     | Found a shadowy altar of Dithmenos.
 21069 | D:14     | Identified a scroll of holy word
 21070 | D:14     | Identified 3 scrolls of immolation
 21071 | D:14     | Identified a scroll of noise
 21170 | D:14     | Identified +0 acid dragon scales
 21192 | D:14     | Identified a +0 dagger
 21192 | D:14     | Identified a +0 robe
 21192 | D:14     | Identified a +0 leather armour
 21193 | D:14     | Identified a +0 hand axe
 21193 | D:14     | Identified a +0 plate armour
 21194 | D:14     | Identified a +0 leather armour
 21375 | D:15     | Reached XP level 15. HP: 143/143 MP: 14/14
 21512 | D:15     | Lost mutation: Your rubbery body absorbs attacks. (AC +1,
                  | EV +1) [Jiyva's grace]
 21522 | D:15     | Reached skill level 8 in Fighting
 21585 | D:15     | Identified a +0 giant spiked club
 21585 | D:15     | Identified a +0 giant club
 21585 | D:15     | Identified a +0 giant club
 21585 | D:15     | Identified a +0 halberd
 21585 | D:15     | Identified a +0 robe
 21589 | D:15     | Identified a +0 trident
 21589 | D:15     | Identified a +0 robe
 21614 | D:15     | Identified a cursed -1 giant spiked club
 21614 | D:15     | Identified a cursed +0 giant spiked club
 21635 | D:15     | Identified a +0 giant club
 21635 | D:15     | Identified a +0 giant club
 21678 | D:15     | Lost mutation: Your body has grown golden eyes which may
                  | confuse attackers. (Acc +3) [Jiyva's grace]
 21684 | D:15     | Identified a +0 hand axe
 21684 | D:15     | Identified a +0 chain mail
 21716 | D:15     | Found a sacrificial altar of Ru.
 21727 | D:15     | Identified a +0 mace
 21727 | D:15     | Identified a +0 chain mail
 22050 | D:15     | HP: 36/144 [poisoned by an orange demon]
 22055 | D:15     | HP: 32/144 [poisoned by an orange demon]
 22060 | D:15     | HP: 31/144 [poisoned by an orange demon]
 22065 | D:15     | HP: 32/144 [poisoned by an orange demon]
 22070 | D:15     | HP: 36/144 [poisoned by an orange demon]
 22095 | D:15     | Lost mutation: You are resistant to hostile enchantments.
                  | (MR+) [Jiyva's grace]
 22237 | D:15     | Identified a potion of stabbing
 22238 | D:15     | Identified a potion of mutation
 22239 | D:15     | Lost mutation: You are covered in slimy tendrils that may
                  | disarm your opponents. [potion of mutation]
 22239 | D:15     | Lost mutation: Armour fits poorly on your pseudopods.
                  | [potion of mutation]
 22239 | D:15     | Lost mutation: You are partially covered in molten scales.
                  | (AC +2) [potion of mutation]
 22239 | D:15     | Gained mutation: Your spells are a little easier to cast,
                  | but a little less powerful. [potion of mutation]
 22239 | D:15     | Gained mutation: Your muscles are strong. (Str +2) [potion
                  | of mutation]
 22239 | D:15     | Gained mutation: You have large cloven feet. [potion of
                  | mutation]
 22240 | D:15     | Lost mutation: Your spells are a little easier to cast, but
                  | a little less powerful. [Jiyva's power]
 22242 | D:15     | Identified a ring of positive energy (You found it on level
                  | 15 of the Dungeon)
 22358 | Orc:1    | Entered Level 1 of the Orcish Mines
 22459 | Orc:1    | Found a roughly hewn altar of Beogh.
 22472 | Orc:1    | Identified a +0 morningstar
 22480 | Orc:1    | Identified a +1 robe of cold resistance
 22480 | Orc:1    | Noticed Fannar
 22485 | Orc:1    | Identified a +0 scimitar
 22485 | Orc:1    | Identified a +0 plate armour
 22485 | Orc:1    | Identified a +0 mace
 22485 | Orc:1    | Identified a +0 chain mail
 22493 | Orc:1    | Killed Fannar
 22581 | Orc:1    | Gained mutation: You have a small jelly attached to you
                  | that senses nearby items. [Jiyva's grace]
 22722 | Orc:2    | Entered Level 2 of the Orcish Mines
 22722 | Orc:2    | Identified a +0 halberd
 22722 | Orc:2    | Identified a +0 chain mail
 22722 | Orc:2    | Identified a +0 dagger
 22722 | Orc:2    | Identified a +0 robe
 22722 | Orc:2    | Identified a cursed -2 trident
 22722 | Orc:2    | Identified a +0 leather armour
 22722 | Orc:2    | Identified a +0 club
 22723 | Orc:2    | Identified a +0 dagger
 22723 | Orc:2    | Identified a +0 robe
 22723 | Orc:2    | Identified a +0 dagger
 22723 | Orc:2    | Identified a +0 robe
 22763 | Orc:2    | Found a roughly hewn altar of Beogh.
 22771 | Orc:2    | Found Layc's Antique Armour Shoppe.
 22796 | Orc:2    | Identified a +0 ring mail
 22798 | Orc:2    | Identified a +0 short sword
 22798 | Orc:2    | Identified a +0 whip
 22798 | Orc:2    | Identified a +0 dire flail
 22798 | Orc:2    | Identified a +0 chain mail
 22800 | Orc:2    | Identified a +0 dagger
 22800 | Orc:2    | Identified a +0 robe
 22831 | Orc:2    | Found a staircase to the Elven Halls.
 22924 | Orc:2    | Found Cely's Armour Shoppe.
 22926 | Orc:2    | Found Diklit's Book Shop.
 22984 | Orc:2    | Identified a +0 club
 22984 | Orc:2    | Identified a +0 ring mail
 22984 | Orc:2    | Identified a +0 dagger
 22984 | Orc:2    | Identified a +0 robe
 22984 | Orc:2    | Identified a +0 hand axe
 22985 | Orc:2    | Identified a +0 long sword
 22985 | Orc:2    | Identified a +0 plate armour
 23036 | Orc:2    | Identified a +0 short sword
 23037 | Orc:2    | Identified a +0 short sword
 23037 | Orc:2    | Identified a +1 mace of draining
 23037 | Orc:2    | Identified a +0 flail
 23037 | Orc:2    | Identified a +0 war axe
 23038 | Orc:2    | Identified a +0 club
 23038 | Orc:2    | Identified a +0 flail
 23038 | Orc:2    | Identified a +0 scimitar
 23038 | Orc:2    | Identified a +0 chain mail
 23038 | Orc:2    | Identified a +0 falchion
 23038 | Orc:2    | Identified a +0 ring mail
 23038 | Orc:2    | Identified a +1 glaive of flaming
 23038 | Orc:2    | Identified a +0 chain mail
 23039 | Orc:2    | Identified a +0 hand axe
 23039 | Orc:2    | Identified a +0 mace
 23039 | Orc:2    | Identified a +0 ring mail
 23040 | Orc:2    | Identified a +0 flail
 23041 | Orc:2    | Identified a +0 mace
 23041 | Orc:2    | Identified a +0 chain mail
 23100 | Orc:2    | Identified a +0 club
 23103 | Orc:2    | Identified a +0 mace
 23106 | Orc:2    | Identified a +0 hand axe
 23107 | Orc:2    | Identified a +0 glaive
 23107 | Orc:2    | Identified a +0 leather armour
 23107 | Orc:2    | Identified a +0 dagger of draining
 23107 | Orc:2    | Identified a +2 robe
 23108 | Orc:2    | Identified a cursed -3 dagger
 23108 | Orc:2    | Identified a +0 robe
 23131 | Orc:2    | Identified a +0 trident
 23149 | Orc:2    | Identified a +0 dagger
 23149 | Orc:2    | Identified a +0 robe
 23150 | Orc:2    | Identified a +0 mace
 23150 | Orc:2    | Identified a +0 chain mail
 23150 | Orc:2    | Identified a +0 dagger
 23150 | Orc:2    | Identified a +0 robe
 23150 | Orc:2    | Identified a +0 glaive
 23150 | Orc:2    | Identified a +0 plate armour
 23151 | Orc:2    | Identified a +0 dire flail
 23151 | Orc:2    | Identified a +0 chain mail
 23151 | Orc:2    | Identified a +0 robe
 23162 | Orc:2    | Identified a +0 falchion
 23165 | Orc:2    | Identified a +0 long sword
 23165 | Orc:2    | Identified a +0 chain mail
 23166 | Orc:2    | Identified a +0 dagger
 23167 | Orc:2    | Identified a +0 trident
 23167 | Orc:2    | Identified a +0 plate armour
 23168 | Orc:2    | Identified a +0 trident
 23169 | Orc:2    | Identified a +0 hand axe
 23169 | Orc:2    | Identified a +0 leather armour
 23171 | Orc:2    | HP: 35/145 [orc high priest/+0 dire flail (10)]
 23177 | Orc:2    | HP: 15/145 [smoke demon/divine providence[an orc high
                  | priest] (9)]
 23189 | Orc:2    | Gained mutation: Your muscles are very strong. (Str +4)
                  | [Jiyva's grace]
 23267 | Orc:2    | Gained mutation: Armour fits poorly on your pseudopods.
                  | [Jiyva's grace]
 23288 | Orc:2    | Identified a +0 bardiche
 23288 | Orc:2    | Identified a +0 plate armour
 23289 | Orc:2    | Gained mutation: You possess an exceptional clarity of
                  | mind. [Jiyva's grace]
 23300 | Orc:2    | Gained mutation: You have a pair of small horns on your
                  | head. [Jiyva's grace]
 23308 | Orc:2    | Gained mutation: You have supernaturally acute eyesight.
                  | (SInv) [Jiyva's grace]
 23310 | Orc:2    | Identified a +0 dagger
 23310 | Orc:2    | Identified a +0 robe
 23315 | Orc:2    | Identified a +0 dagger
 23315 | Orc:2    | Identified a +0 robe
 23317 | Orc:2    | Identified a +0 club
 23319 | Orc:2    | Identified a +0 battleaxe
 23319 | Orc:2    | Identified a +0 chain mail
 23320 | Orc:2    | Identified a +0 dagger
 23320 | Orc:2    | Identified a +0 robe
 23333 | Orc:2    | Identified a +0 battleaxe
 23333 | Orc:2    | Identified a +0 chain mail
 23338 | Orc:2    | Identified a +0 great sword
 23338 | Orc:2    | Identified a +0 chain mail
 23343 | Orc:2    | Identified a +0 dagger
 23343 | Orc:2    | Identified a +0 robe
 23344 | Orc:2    | Identified a +0 dagger
 23344 | Orc:2    | Identified a +0 robe
 23344 | Orc:2    | Gained mutation: Your mind is acute. (Int +2) [Jiyva's
                  | grace]
 23348 | Orc:2    | Identified a cursed -1 dire flail
 23348 | Orc:2    | Identified a +0 plate armour
 23348 | Orc:2    | Noticed an orc warlord
 23362 | Orc:2    | Reached skill level 8 in Dodging
 23367 | Orc:2    | Identified a +0 halberd
 23367 | Orc:2    | Identified a +0 plate armour
 23375 | Orc:2    | Killed an orc warlord
 23379 | Orc:2    | Identified a cursed -1 bardiche
 23379 | Orc:2    | Identified a +0 plate armour
 23390 | Orc:2    | Identified a +0 club
 23390 | Orc:2    | Identified a +0 leather armour
 23391 | Orc:2    | Identified a +0 morningstar
 23391 | Orc:2    | Identified a cursed +0 chain mail
 23405 | Orc:2    | Identified a +0 dagger
 23405 | Orc:2    | Identified a +0 robe
 23407 | Orc:2    | Identified a +0 whip
 23407 | Orc:2    | Identified a +0 scale mail
 23409 | Orc:2    | Gained mutation: Your rubbery body absorbs attacks. (AC +1,
                  | EV +1) [Jiyva's grace]
 23414 | Orc:2    | Identified a +0 dagger
 23414 | Orc:2    | Identified a +1 war axe of venom
 23414 | Orc:2    | Identified a +0 chain mail
 23415 | Orc:2    | Identified a +2 hand axe of flaming
 23415 | Orc:2    | Identified a +0 scale mail
 23416 | Orc:2    | Identified a +0 leather armour
 23417 | Orc:2    | Identified a +0 war axe
 23417 | Orc:2    | Identified a +0 plate armour
 23418 | Orc:2    | Found Cuith's Antique Armour Boutique.
 23429 | Orc:2    | Found Civys's Antique Weapon Boutique.
 23443 | Orc:2    | Gained mutation: You are surrounded by a mild repulsion
                  | field. (EV +2) [Jiyva's grace]
 23453 | Orc:2    | Found Erhuv's General Store.
 23453 | Orc:2    | Found Vonnirghe's Jewellery Shop.
 23478 | Orc:2    | Identified a cursed +0 dire flail
 23478 | Orc:2    | Identified a +0 chain mail
 23480 | Orc:2    | Identified a +0 club
 23796 | Orc:2    | Bought an embroidered hat for 238 gold pieces
 23801 | Orc:2    | Identified a +2 hat (You bought it in a shop on level 2 of
                  | the Orcish Mines)
 24203 | Snake:1  | Entered Level 1 of the Snake Pit
 24234 | Snake:1  | Identified a +0 spear
 24248 | Snake:1  | Identified a +0 halberd
 24281 | Snake:1  | Identified a +0 flail
 24307 | Snake:1  | Identified a +0 dagger of venom
 24307 | Snake:1  | Identified a +0 robe
 24320 | Snake:1  | Reached skill level 21 in Unarmed Combat
 24395 | Snake:1  | Identified a +0 trident
 24395 | Snake:1  | Identified a +0 quarterstaff
 24395 | Snake:1  | Identified a +0 robe
 24425 | Snake:1  | Identified a +0 hand axe
 24425 | Snake:1  | Identified a +0 arbalest
 24425 | Snake:1  | Identified a +0 robe
 24426 | Snake:1  | Identified a +0 trident
 24426 | Snake:1  | Identified a +0 robe
 24426 | Snake:1  | Identified a +0 short sword
 24429 | Snake:1  | Reached skill level 9 in Fighting
 24430 | Snake:1  | Identified a +1 vorpal hand axe
 24430 | Snake:1  | Identified a +0 arbalest
 24473 | Snake:1  | Identified a +0 long sword
 24497 | Snake:1  | Identified a +0 battleaxe
 24497 | Snake:1  | Identified a +0 arbalest
 24664 | Snake:1  | Identified a +0 dire flail of draining
 24664 | Snake:1  | Identified an uncursed ring of magical power
 24668 | Snake:1  | Identified a +0 falchion
 24668 | Snake:1  | Identified a +0 robe
 24671 | Snake:1  | Identified a cursed -1 trident
 24671 | Snake:1  | Identified a cursed +0 robe
 24692 | Snake:1  | Identified a +0 flail
 24692 | Snake:1  | Identified a cursed +0 robe
 24850 | Snake:1  | Identified a +0 short sword
 24850 | Snake:1  | Identified a +0 shortbow
 24867 | Snake:1  | Lost mutation: You possess an exceptional clarity of mind.
                  | [Jiyva's grace]
 24888 | Snake:1  | Gained mutation: You are partially covered in thin metallic
                  | scales. (AC +2) [Jiyva's grace]
 24912 | Snake:1  | Lost mutation: You have a pair of small horns on your head.
                  | [Jiyva's grace]
 24913 | Snake:1  | Identified a +0 flail
 24982 | Snake:1  | Found Dyic's Gadget Shoppe.
 24982 | Snake:1  | Found Noje's Jewellery Boutique.
 24983 | Snake:1  | Found Ygoi's Jewellery Boutique.
 24995 | Snake:1  | drasked: ?? *slow
 24995 | Snake:1  | beem: *slow[1/2]: Randart property that has 1% chance to
                  | {slow}you for 10-14 turns whenever you take damage while
                  | worn. Ignores damage over time from poison. Replacement for
                  | *Confuse.
 24995 | Snake:1  | meem: *slow[1/2]: Randart property that has 1% chance to
                  | {slow}you for 10-14 turns whenever you take damage while
                  | worn. Ignores damage over time from poison. Replacement for
                  | *Confuse.
 24995 | Snake:1  | Bought an uncursed ring of poison resistance for 280 gold
                  | pieces
 25106 | Snake:1  | Identified a +0 scimitar
 25192 | Snake:2  | Reached XP level 16. HP: 133/156 MP: 15/15
 25195 | Snake:2  | Identified a +0 glaive
 25206 | Snake:2  | Identified a +0 short sword
 25206 | Snake:2  | Identified a +0 robe
 25206 | Snake:2  | Identified a +0 kite shield
 25298 | Snake:2  | Identified a +0 club
 25347 | Snake:2  | Lost mutation: Your rubbery body absorbs attacks. (AC +1,
                  | EV +1) [Jiyva's grace]
 25454 | Snake:2  | Identified a +0 long sword
 25454 | Snake:2  | Identified a +0 kite shield
 25456 | Snake:2  | Identified a +0 halberd
 25456 | Snake:2  | Identified a +0 robe
 25456 | Snake:2  | Identified a +0 hand axe
 25456 | Snake:2  | Identified a +0 robe
 25467 | Snake:2  | Identified a +0 hand axe
 25467 | Snake:2  | Identified a +0 robe
 25471 | Snake:2  | Identified a +0 short sword
 25475 | Snake:2  | Identified a +0 halberd
 25479 | Snake:2  | Reached skill level 9 in Dodging
 25569 | Snake:2  | Gained mutation: You are surrounded by a moderate repulsion
                  | field. (EV +3) [Jiyva's grace]
 25885 | Snake:3  | Identified a +0 trident
 25980 | Snake:3  | Identified a +0 flail
 25980 | Snake:3  | Identified a +0 shortbow
 25982 | Snake:3  | Identified a +0 long sword
 25982 | Snake:3  | Identified a -2 arbalest
 25982 | Snake:3  | Identified a +0 robe
 25982 | Snake:3  | Identified a +0 hand axe
 25982 | Snake:3  | Identified a +0 arbalest
 25983 | Snake:3  | Identified a +2 flail of protection
 26122 | Snake:3  | Identified a +0 hand axe
 26122 | Snake:3  | Identified a +0 robe
 26124 | Snake:3  | Identified a +0 glaive
 26124 | Snake:3  | Identified a +0 robe
 26168 | Snake:3  | Gained mutation: You have a pair of small horns on your
                  | head. [Jiyva's grace]
 26176 | Snake:3  | Identified a +1 scimitar of holy wrath
 26176 | Snake:3  | Identified a -1 arbalest
 26176 | Snake:3  | Identified a +0 scimitar of venom
 26176 | Snake:3  | Identified a +0 robe
 26194 | Snake:3  | Identified a +0 hand axe
 26248 | Snake:3  | Identified a +0 long sword
 26248 | Snake:3  | Identified a +0 shortbow
 26271 | Snake:3  | Lost mutation: Your muscles are very strong. (Str +4)
                  | [Jiyva's grace]
 26274 | Snake:3  | Identified a +0 scimitar of venom
 26274 | Snake:3  | Identified a +0 robe
 26500 | Snake:3  | Identified a +0 scimitar
 26500 | Snake:3  | Identified a +0 robe
 26500 | Snake:3  | Identified a +0 halberd
 26500 | Snake:3  | Identified a +0 arbalest
 26501 | Snake:3  | Identified a +0 shortbow
 26501 | Snake:3  | Identified a +0 mace
 26501 | Snake:3  | Identified a +0 robe
 26503 | Snake:3  | Identified a +0 club
 26503 | Snake:3  | Identified a +0 robe
 26518 | Snake:3  | Found Siamyst's Book Boutique.
 26522 | Snake:3  | Reached skill level 10 in Fighting
 26565 | Snake:3  | Identified a +0 arbalest
 26565 | Snake:3  | Identified a +0 war axe
 26772 | Snake:4  | Entered Level 4 of the Snake Pit
 26777 | Snake:4  | Identified a +0 halberd
 26777 | Snake:4  | Identified a +0 robe
 26777 | Snake:4  | Identified a +0 long sword
 26777 | Snake:4  | Identified a +1 glaive of flaming
 26777 | Snake:4  | Identified a +0 shortbow
 26777 | Snake:4  | Identified a +0 robe
 26777 | Snake:4  | Identified a cursed -2 long sword
 26777 | Snake:4  | Identified a +0 robe
 26796 | Snake:4  | Identified a +0 war axe
 26796 | Snake:4  | Identified a +0 longbow
 26801 | Snake:4  | Identified a +0 flail
 26801 | Snake:4  | Identified a +0 robe
 26852 | Snake:4  | Identified a +0 battleaxe
 26889 | Snake:4  | Identified a +0 halberd
 26889 | Snake:4  | Identified a +0 glaive
 26890 | Snake:4  | Identified a +0 spear
 26890 | Snake:4  | Identified a cursed -2 spear
 26901 | Snake:4  | Identified a +0 hand axe
 26901 | Snake:4  | Identified a +0 robe
 26901 | Snake:4  | Identified a +0 dagger of venom
 26901 | Snake:4  | Identified a +0 robe
 26901 | Snake:4  | Identified a -1 scimitar
 26901 | Snake:4  | Identified a +0 shortbow
 26901 | Snake:4  | Identified a cursed +0 robe
 26901 | Snake:4  | Identified a +0 whip
 26901 | Snake:4  | Identified a +0 robe
 26901 | Snake:4  | Identified a +0 long sword
 26901 | Snake:4  | Identified a +4 halberd
 26901 | Snake:4  | Identified a +2 robe of fire resistance
 26901 | Snake:4  | Identified a +0 flail
 26901 | Snake:4  | Identified a +0 robe
 26901 | Snake:4  | Identified a +0 halberd
 26901 | Snake:4  | Identified a +0 robe
 26901 | Snake:4  | Identified a +0 scimitar
 26901 | Snake:4  | Identified a +0 dire flail
 26901 | Snake:4  | Identified a +0 spear
 26901 | Snake:4  | Identified a +0 robe
 26901 | Snake:4  | Lost mutation: Your muscles are strong. (Str +2) [Jiyva's
                  | grace]
 26901 | Snake:4  | Identified a +0 robe
 26901 | Snake:4  | Identified a +0 spear
 26901 | Snake:4  | Identified a +0 robe
 26901 | Snake:4  | Identified a +0 hand axe
 26901 | Snake:4  | Identified a +0 robe
 26901 | Snake:4  | Identified a +2 dagger of venom
 26901 | Snake:4  | Identified a cursed +0 robe
 26901 | Snake:4  | Identified a +0 trident
 26901 | Snake:4  | Identified a +0 arbalest
 26901 | Snake:4  | Identified a +0 robe
 26901 | Snake:4  | Identified a +0 whip
 26901 | Snake:4  | Identified a +0 robe
 26902 | Snake:4  | Identified a +1 trident of freezing
 26902 | Snake:4  | Identified a +0 dire flail
 26902 | Snake:4  | Identified a +0 shortbow
 26902 | Snake:4  | Identified a +0 robe
 26902 | Snake:4  | Identified a +0 halberd
 26902 | Snake:4  | Identified a +2 flail of protection
 26902 | Snake:4  | Identified a +0 scimitar
 26905 | Snake:4  | Identified a +0 spear
 26905 | Snake:4  | Identified a +0 robe
 26906 | Snake:4  | HP: 37/158 [naga ritualist/+2 dagger of venom (4)]
 26907 | Snake:4  | Identified a +0 spear
 26907 | Snake:4  | HP: 18/158 [anaconda (1)]
 26908 | Snake:4  | Identified a +0 flail
 26908 | Snake:4  | Identified a +0 robe
 26908 | Snake:4  | Identified a +2 mace of holy wrath
 26908 | Snake:4  | Identified a +0 robe
 26908 | Snake:4  | Identified a +0 whip
 26908 | Snake:4  | Identified a +0 robe
 26908 | Snake:4  | Identified a +0 hand axe
 26908 | Snake:4  | Identified a +0 robe
 26908 | Snake:4  | Identified a +0 scimitar
 26909 | Snake:4  | HP: 5/158 [nagaraja/splash of poison (6)]
 26910 | Snake:4  | Mangled by a nagaraja

Table legend:
 A = Turns spent in this place as a percentage of turns spent in the entire game.
 B = Non-inter-level travel turns spent in this place as a percentage of non-inter-level travel turns spent in the entire game.
 C = Inter-level travel turns spent in this place as a percentage of turns spent in this place.
 D = Turns resting spent in this place as a percentage of non-inter-level travel turns spent in this place.
 E = Turns spent auto-exploring this place as a percentage of non-inter-level travel turns spent in this place.
 F = Non-inter-level travel turns spent in this place divided by the number of levels of this place that you've seen.
                   A       B       C       D       E      F
               +-------+-------+-------+-------+-------+----------------------
         Total | 100.0 | 100.0 |   5.5 |  10.9 |  52.0 | 726.8
       Dungeon |  47.8 |  48.2 |   4.7 |  14.0 |  53.4 | 816.6
        Temple |   0.9 |   0.8 |   6.1 |   0.0 |  99.1 | 216.0
          Lair |  31.2 |  30.8 |   6.8 |   8.2 |  54.2 | 1304.3
     Snake Pit |  10.1 |  10.4 |   2.4 |  11.6 |  53.6 | 660.2
    Slime Pits |   1.0 |   0.9 |  17.6 |   0.0 |   0.0 |  44.8
  Orcish Mines |   6.3 |   6.0 |   9.9 |   4.5 |  53.6 | 759.0
       Ossuary |   1.2 |   1.3 |   0.0 |   0.9 |   1.8 | 327.0
      Gauntlet |   1.6 |   1.7 |   0.0 |  10.6 |   0.0 | 436.0
               +-------+-------+-------+-------+-------+----------------------

Table legend:
 A = Kills in this place as a percentage of kills in entire the game.
 B = Kills by you in this place as a percentage of kills by you in the entire game.
 C = Kills by friends in this place as a percentage of kills by friends in the entire game.
 D = Other kills in this place as a percentage of other kills in the entire game.
 E = Experience gained in this place as a percentage of experience gained in the entire game.
 F = Experience gained in this place divided by the number of levels of this place that you have seen.
                   A       B       C       D       E      F
               +-------+-------+-------+-------+-------+----------------------
         Total | 100.0 | 100.0 | 100.0 | 100.0 | 100.0 | 5432.9
       Dungeon |  47.7 |  47.8 | 100.0 |  28.6 |  32.9 | 4176.1
          Lair |  28.2 |  28.0 |   0.0 |  57.1 |  26.4 | 8358.8
     Snake Pit |  11.9 |  11.9 |   0.0 |  14.3 |  31.1 | 14806.0
  Orcish Mines |   8.3 |   8.4 |   0.0 |   0.0 |   6.7 | 6388.5
       Ossuary |   2.7 |   2.7 |   0.0 |   0.0 |   0.3 | 662.0
      Gauntlet |   1.3 |   1.3 |   0.0 |   0.0 |   2.5 | 4692.0
               +-------+-------+-------+-------+-------+----------------------

Skill      XL: |  1  2  3  4  5  6  7  8  9 10 11 12 13 14 15 16 |
---------------+-------------------------------------------------+-----
Unarmed Combat | 4 5 6 7 8 10 12 13 15 18 19 20 21 | 21.9
Fighting       | 3 6 7 9 10 | 10.1
Shields        | 2 4 6 7 8 9 |  9.0
Dodging        | 5 7 8 9 |  9.6
Stealth        | |  1.0

Action                   |  1- 3 |  4- 6 |  7- 9 | 10-12 | 13-15 | 16-18 || total
-------------------------+-------+-------+-------+-------+-------+-------++-------
Melee: Unarmed           |    73 |   109 |   324 |   735 |  1466 |   252 ||  2959
       Punch             |     1 |     2 |    24 |    24 |       |       ||    51
       Kick              |       |       |       |       |   156 |   131 ||   287
       Peck              |       |       |       |       |    50 |       ||    50
       Pseudopods        |       |       |       |       |   155 |    89 ||   244
       Headbutt          |       |       |       |       |    73 |    42 ||   115
Throw: Stone             |    83 |    21 |       |       |    15 |       ||   119
       Dart              |       |    41 |    45 |       |   184 |       ||   270
       Boomerang         |       |       |    17 |   139 |    11 |       ||   167
       Javelin           |       |       |       |    53 |    32 |    15 ||   100
       Large rock        |       |       |       |       |     8 |       ||     8
Invok: Slimify           |       |       |       |       |     5 |       ||     5
       Request Jelly     |       |       |       |       |     1 |       ||     1
       Cure Bad Mutation |       |       |       |       |     1 |       ||     1
  Use: Scroll            |       |     3 |    14 |     2 |    20 |     2 ||    41
       Potion            |       |       |       |       |     8 |     3 ||    11
 Stab: Sleeping          |     1 |     1 |     1 |     3 |     5 |     1 ||    12
       Confused          |       |       |       |     7 |    18 |       ||    25
       Distracted        |       |       |       |       |     5 |       ||     5
  Eat: Ration            |     1 |     2 |     4 |     4 |     1 |       ||    12
Armor: Robe              |    20 |    26 |    80 |    43 |       |       ||   169
       Troll leather arm |       |       |       |    44 |   159 |    20 ||   223
Dodge: Dodged            |    43 |    31 |   212 |   377 |   581 |    85 ||  1329
Block: Kite shield       |       |       |       |   146 |   754 |   212 ||  1112
       Reflection        |       |       |       |       |    22 |    43 ||    65

Vanquished Creatures
  A nagaraja (Snake:2)
  An orc warlord (Orc:2)
  The ghost of Esekla the Thaumaturge, a journeyman FoNe of Lugonu (Lair:6)
  An entropy weaver (Lair:5)
  A minotaur (Gauntlet)
  Josephine (D:10)
  Fannar (Orc:1)
  A rakshasa (D:15)
  7 naga warriors
  An ogre mage (D:15)
  4 vault guards (D:13)
  2 anacondas
  Erica (D:8)
  2 centaur warriors
  9 two-headed ogres
  The ghost of suvakkihuora the Fighter, a novice BaBr of Qazlal (Lair:1)
  A dancing weapon (Lair:1)
  15 naga sharpshooters
  3 orc high priests (Orc:2)
  4 shock serpents
  Sonja (D:11)
  2 sixfirhies (Gauntlet)
  A salamander mystic (Snake:1)
  A sea snake (Snake:1)
  A swamp dragon (Lair:6)
  5 unseen horrors
  4 naga ritualists
  A deep elf archer (D:13)
  A wizard (D:13)
  6 orc knights
  Pikel (D:7)
  9 mana vipers
  6 orc sorcerers
  10 ugly things
  6 cyclopes
  A wolf spider (D:15)
  5 manticores
  2 salamanders
  38 black mambas
  5 guardian serpents
  A rust devil (Gauntlet)
  6 naga magi
  3 cane toads
  3 orange demons (D:15)
  6 komodo dragons
  A yaktaur (D:13)
  3 efreet
  7 rime drakes
  2 centaur skeletons
  A freezing wraith (D:10)
  2 ice devils (Lair:3)
  A tengu conjurer (D:15)
  10 polar bears (Lair:6)
  2 trolls
  A queen bee (Lair:2)
  8 hippogriffs
  2 hornets
  4 raiju (Lair:6)
  21 blink frogs
  5 flying skulls (Gauntlet)
  2 wyverns
  8 wraiths
  3 shadows
  A ynoxinul (Gauntlet)
  3 basilisks
  39 yaks
  7 vampire mosquitoes
  2 steam dragons
  2 acid dragons
  25 nagas
  5 wargs
  13 hell hounds (Lair:6)
  5 soldier ants (Lair:5)
  11 water moccasins
  10 porcupines
  12 black bears
  4 swamp drakes (Lair:6)
  4 ice beasts
  4 sky beasts
  28 orc warriors
  3 phantoms
  8 ogres
  2 necrophages
  17 wolves
  9 centaurs
  3 lemures (D:7)
  21 crocodiles
  7 big kobolds
  A gnoll sergeant (D:10)
  14 bullfrogs
  A cane toad simulacrum (Lair:6)
  A wyvern skeleton (D:15)
  A wyvern zombie (D:14)
  12 scorpions
  32 killer bees
  2 dream sheep simulacra (Lair:6)
  2 howler monkeys
  2 electric eels (Lair:1)
  3 centaur zombies
  A lava snake (D:14)
  A torpor snail simulacrum (Lair:6)
  2 bullfrog zombies (D:12)
  6 hounds
  A human zombie (Ossuary)
  A quasit (D:10)
  4 jellies
  5 bullfrog skeletons
  12 orc priests
  23 orc wizards
  8 iguanas
  2 iron imps (Gauntlet)
  Natasha (twice) (D:3)
  5 hell rats
  22 worker ants
  4 big kobold zombies (Ossuary)
  A hound zombie (D:6)
  3 mummies (Ossuary)
  A howler monkey zombie (D:11)
  A worker ant zombie (D:4)
  14 adders
  11 gnolls
  7 river rats (Lair:3)
  3 scorpion zombies (Ossuary)
  3 shadow imps
  2 white imps (D:8)
  2 ufetubi
  14 oozes (D:7)
  2 worms
  A dart slug (D:2)
  6 leopard geckos
  77 orcs
  3 bats
  2 giant cockroaches
  2 gnoll zombies (Ossuary)
  14 goblins
  9 hobgoblins
  22 jackals
  30 kobolds
  4 quokkas
  A goblin zombie (Ossuary)
  2 hobgoblin zombies (Ossuary)
  A jackal zombie (D:8)
  2 kobold zombies (Ossuary)
  An orc zombie (Ossuary)
  4 rats
  A demonic plant (Gauntlet)
  A plant (Lair:6)
928 creatures vanquished.

Vanquished Creatures (collateral kills)
  A death knight (D:10)
1 creature vanquished.

Vanquished Creatures (others)
  Snorg (Lair:6)
  A great orb of eyes (D:15)
  A fire dragon (Lair:6)
  Joseph (D:10)
  Maurice (D:12)
  An eye of devastation (shapeshifter) (D:15)
  A naga mage (Snake:3)
  A rime drake (Lair:6)
  3 slime creatures (D:15)
  3 nagas
  A soldier ant (D:10)
  A water moccasin (Lair:6)
  A porcupine (Lair:2)
  3 orc warriors
  2 wolves (Lair:3)
  4 bullfrogs
  A killer bee (D:12)
  93 jellies
  4 orc priests
  3 orc wizards
  2 iguanas
  A worker ant (D:11)
  A hell rat (Lair:3)
  A white imp (D:10)
  9 orcs
  A quokka (D:10)
  3 kobolds (D:12)
  A rat (Lair:3)
  A bush (Lair:6)
  28 fungi
  25 plants
200 creatures vanquished.

Grand Total: 1129 creatures vanquished
